AoeStats
← Morris=w=

Black Forest

508688625Analyzed
4v4 RM · 9d ago on Sep 23, 2026· 59m 21s· 8 players
Game mode
Random Map
Map size
Large (8 player)
Population
200
Speed
Normal
Resources
Standard
Victory
Conquest
Starting age
Dark Age
Ending age
Imperial Age
RankedLock teamsTeams togetherTeam positionsShared explorationLock speedFull tech treeHidden civsTurbo modeCheats
Victory
Defeat
🇧🇪 Burmese · Belgium
1750
+16
🇨🇳 Malians · China
1728
+17
🇵🇪 Khitans · Peru
1728
+17
🇨🇳 Wei · China
1680
+19
🇫🇷 Aztecs · France
1871
-21
🇧🇬 Muisca · Bulgaria
1783
-19
🇮🇳 Bengalis · India
1756
-18
🇭🇰 Turks · Hong Kong SAR China
1583
-11
ARKINE
10:46 Feudal Age
11:41 Double-Bit Axe
14:26 Castle Age
12:46 Horse Collar
15:23 Heavy Plow
15:33 Bow Saw
19:11 Wheelbarrow
26:50 Imperial Age
24:07 Town Watch
24:48 Loom
25:19 Hand Cart
24:58 Gold Mining
24:59 Stone Mining
25:39 Scale Barding Armor
25:44 Forging
26:02 Husbandry
26:13 Bloodlines
26:56 Cavalier
27:57 Chain Barding Armor
28:13 Iron Casting
31:23 Plate Barding Armor
30:39 Fletching
32:39 Coinage
31:39 Onager
33:25 Chemistry
33:11 Crop Rotation
32:44 Bodkin Arrow
33:09 Scale Mail Armor
33:39 Conscription
34:20 Chain Mail Armor
38:56 Caravan
38:46 Light Cavalry
39:35 Farimba
46:33 Devotion
46:07 Siege Onager
56:02 Capped Ram
noru
0:56 Loom
12:16 Feudal Age
12:53 Double-Bit Axe
12:50 Domestication
16:08 Town Watch
18:45 Castle Age
20:10 Bow Saw
20:02 Pastoralism
21:44 Stone Mining
23:22 Stone Shaft Mining
24:13 Forging
24:33 Light Cavalry
26:10 Scale Barding Armor
26:33 Husbandry
27:19 Iron Casting
28:48 Wheelbarrow
29:45 Squires
30:17 Hand Cart
32:58 Imperial Age
30:46 Scale Barding Armor
30:50 Gold Mining
33:18 Arson
33:34 Scale Mail Armor
33:00 Capped Ram
34:26 Transhumance
34:58 Two-Man Saw
34:34 Conscription
33:58 Siege Ram
34:47 Heavy Rocket Cart
36:16 Lamellar Armor
35:46 Siege Ram
36:51 Elite Liao Dao
38:16 Chain Mail Armor
40:01 Plate Mail Armor
41:37 Chain Barding Armor
41:09 Hussar
42:06 Ordo Cavalry
43:24 Plate Barding Armor
43:19 Fletching
43:50 Ballistics
43:26 Town Watch
45:18 Chemistry
44:24 Siege Engineers
47:03 Coinage
51:52 Bodkin Arrow
54:46 Padded Archer Armor
55:16 Murder Holes
55:30 Elite Skirmisher
56:15 Bracer
57:15 Leather Archer Armor
JINX
5:59 Loom
10:54 Feudal Age
11:13 Feudal Age
14:58 Castle Age
12:41 Horse Collar
15:53 Town Watch
18:30 Wheelbarrow
19:25 Gold Mining
31:47 Hand Cart
35:09 Imperial Age
33:03 Stone Mining
35:00 Fortified Wall
35:24 Scale Barding Armor
35:29 Forging
35:48 Masonry
35:18 Treadmill Crane
36:26 Gold Shaft Mining
35:58 Heavy Plow
36:10 Guilds
36:25 Conscription
36:27 Chain Barding Armor
36:20 Bloodlines
36:30 Husbandry
37:28 Caravan
38:36 Plate Barding Armor
38:37 Iron Casting
39:18 Chemistry
38:41 Fletching
38:16 Elite Skirmisher
40:20 Ballistics
40:01 Padded Archer Armor
39:57 Bodkin Arrow
40:37 Architecture
41:02 Bracer
41:04 Padded Archer Armor
40:48 Elite Battle Elephant
42:05 Iron Casting
41:34 Treadmill Crane
43:19 Howdah
43:19 Murder Holes
43:21 Light Cavalry
44:39 Crop Rotation
45:39 Siege Engineers
47:48 Hussar
55:43 Capped Ram
脏丶辫
0:45 Loom
12:12 Feudal Age
15:51 Castle Age
14:15 Double-Bit Axe
14:34 Horse Collar
17:07 Bow Saw
25:29 Wheelbarrow
25:52 Stone Mining
26:28 Gold Mining
32:50 Imperial Age
30:31 Heavy Plow
30:36 Fletching
31:37 Gold Shaft Mining
31:38 Stone Shaft Mining
31:25 Hand Cart
31:01 Town Watch
31:19 Bodkin Arrow
31:24 Padded Archer Armor
33:07 Ballistics
33:08 Leather Archer Armor
34:04 Conscription
33:45 Bracer
34:49 Chemistry
34:57 Ring Archer Armor
36:15 Parthian Tactics
36:25 Bloodlines
36:15 Husbandry
36:27 Thumb Ring
40:59 Caravan
43:23 Capped Ram
49:50 Hoardings
49:21 Tuntian
50:43 Town Patrol
52:09 Hoardings
52:40 Tuntian
53:34 Scale Barding Armor
53:39 Forging
53:11 Siege Ram
55:23 Masonry
56:51 Iron Casting
=)Svanhilde
11:15 Feudal Age
11:46 Double-Bit Axe
14:46 Castle Age
13:28 Horse Collar
14:47 Wheelbarrow
15:50 Bow Saw
15:40 Heavy Plow
24:16 Hand Cart
23:48 Town Watch
24:28 Fervor
24:39 Sanctity
25:54 Redemption
27:01 Gold Mining
27:01 Stone Mining
30:35 Imperial Age
28:54 Stone Shaft Mining
28:55 Gold Shaft Mining
29:15 Atlatl
30:12 Scale Mail Armor
30:22 Forging
31:27 Chain Mail Armor
31:14 Squires
31:00 Arson
31:27 Elite Jaguar Warrior
32:43 Garland Wars
33:11 Iron Casting
32:59 Conscription
33:51 Plate Mail Armor
34:05 Block Printing
34:59 Blast Furnace
35:34 Illumination
37:12 Fletching
38:24 Caravan
38:18 Loom
38:58 Padded Archer Armor
40:51 Bodkin Arrow
40:56 Padded Archer Armor
41:10 Elite Skirmisher
41:53 Bracer
42:58 Leather Archer Armor
44:12 Coinage
45:52 Banking
48:31 Ballistics
49:12 Chemistry
50:31 Crop Rotation
54:21 Siege Engineers
53:56 Treadmill Crane
54:12 Murder Holes
54:29 Fortified Wall
Morris=w=
1:19 Loom
11:19 Feudal Age
15:10 Castle Age
14:09 Double-Bit Axe
16:10 Horse Collar
28:46 Imperial Age
27:14 Town Watch
28:05 Wheelbarrow
28:39 Stone Mining
29:17 Bow Saw
30:14 Artillery
31:02 Fletching
31:27 Gold Mining
36:20 Bodkin Arrow
36:25 Padded Archer Armor
36:54 Ballistics
37:42 Bracer
37:57 Leather Archer Armor
39:06 Parthian Tactics
38:27 Heavy Cavalry Archer
43:02 Gold Shaft Mining
46:12 Caravan
47:38 Sipahi
54:42 Husbandry
54:52 Bloodlines
Zni.Locuss
5:36 Loom
12:07 Feudal Age
15:43 Castle Age
13:30 Double-Bit Axe
13:27 Horse Collar
16:45 Fletching
16:51 Town Watch
17:24 Bodkin Arrow
21:00 Padded Archer Armor
29:41 Heavy Plow
29:52 Bow Saw
30:30 Wheelbarrow
37:06 Imperial Age
34:51 Gold Mining
34:52 Stone Mining
35:23 Ballistics
35:45 Hand Cart
36:47 Herbalism
37:08 Leather Archer Armor
38:03 Bracer
39:05 Chemistry
38:38 Elite Guecha Warrior
39:40 Conscription
39:32 Scale Mail Armor
39:19 Pikeman
39:54 Elite Temple Guard
40:35 Squires
41:11 Chain Mail Armor
41:07 Forging
42:28 Plate Mail Armor
44:14 Iron Casting
53:30 Gold Shaft Mining
Zni.Kark01
0:56 Loom
15:30 Feudal Age
16:42 Town Watch
19:28 Castle Age
17:34 Double-Bit Axe
18:10 Horse Collar
20:49 Scale Barding Armor
20:36 Gold Mining
28:26 Bow Saw
28:17 Heavy Plow
29:27 Wheelbarrow
29:53 Stone Mining
31:38 Gold Shaft Mining
35:49 Imperial Age
34:23 Fortified Wall
36:41 Hand Cart
36:27 Elite Elephant Archer
36:58 Fletching
37:09 Padded Archer Armor
37:37 Masonry
37:44 Bodkin Arrow
38:18 Ballistics
38:59 Bracer
39:14 Leather Archer Armor
39:44 Leather Archer Armor
40:49 Onager
44:59 Ring Archer Armor
44:25 Pikeman
45:06 Scale Mail Armor
46:34 Forging
48:10 Squires
49:56 Halberdier
50:52 Chain Mail Armor
55:33 Iron Casting
Connection lost

Rejoining the realm…

Still unreachable

The connection could not be restored.

Session expired

The server has moved on; the page needs a fresh start.